 Dungeon Crawl Stone Soup version 0.21-a0-196-g6a663c0 (webtiles) character file.

23 Goblin1989 the Skirmisher (level 2, -4/25 HPs)
             Began as a Demonspawn Monk on Aug 16, 2017.
             Slain by a kobold
             ... wielding a +1 whip of electrocution
              (16 damage)
             ... on level 1 of the Dungeon.
             The game lasted 00:01:31 (693 turns).

Goblin1989 the Skirmisher (Demonspawn Monk)          Turns: 693, Time: 00:01:36

Health: -4/25      AC:  2    Str: 11    XL:     2   Next: 72%
Magic:  2/2        EV: 13    Int: 11    God:
Gold:   29         SH:  0    Dex: 15    Spells: 1/1 levels left

rFire    . . .     SeeInvis .   a - +0 mace
rCold    . . .     Gourm    .   (no shield)
rNeg     . . .     Faith    .   b - +0 robe
rPois    .         Spirit   .   (no helmet)
rElec    .         Reflect  .   (no cloak)
rCorr    .         Harm     .   (no gloves)
MR       .....                  (no boots)
Stlth    ++........             (no amulet)
HPRegen  0.08/turn              (no ring)
MPRegen  0.08/turn              (no ring)

@: no status effects
A: rot immunity
a: no special abilities


You were on level 1 of the Dungeon.
You were not hungry.

You visited 1 branch of the dungeon, and saw 1 of its levels.

You collected 29 gold pieces.

Inventory:

Hand Weapons
 a - a +0 mace (weapon)
 h - a +0 whip
Missiles
 l - 16 sling bullets
Armour
 b - a +0 robe (worn)
 f - a +0 ring mail
Scrolls
 g - 2 scrolls of teleportation {unknown}
 m - a scroll of identify {unknown}
 n - 2 scrolls of recharging {unknown}
Potions
 j - a potion of curing {unknown}
 k - a potion of berserk rage {unknown}
 o - a potion of heal wounds {unknown}
Comestibles
 e - a bread ration {@e1}


   Skills:
 + Level 4.0 Fighting
 - Level 2.6 Maces & Flails
 - Level 2.6 Dodging
 - Level 1.7 Stealth


You had one spell level left.
You didn't know any spells.

Dungeon Overview and Level Annotations

Branches:
Dungeon (1/15)

Altars:


Innate Abilities, Weirdness & Mutations

You are immune to rotting.


Message History

You closely miss the leopard gecko. The leopard gecko bites you.
You take 1 damage, and have 20/25 hp.
You hit the leopard gecko.
The leopard gecko is lightly wounded.
The leopard gecko bites you but does no damage. x2
You hit the leopard gecko but do no damage.
The leopard gecko is lightly wounded.
The leopard gecko barely misses you.
You hit the leopard gecko.
You kill the leopard gecko!
Your Fighting skill increases to level 4!
Some of the chunks of flesh in your inventory have rotted away.
You see here 16 sling bullets.
l - 16 sling bullets
m - a scroll labeled YGEWIH QOKHEIT Health restored: 25 A bat comes into view.
Found a stone staircase leading down.
A bat is nearby!
The bat closely misses you.
You hit the bat.
You kill the bat!
No target in view!
No target in view!
No target in view!
No target in view!
No target in view!
No target in view!
No target in view!
No target in view!
No target in view!
No target in view!
No target in view!
No target in view!
No target in view!
No target in view!
No target in view!
No target in view!
No target in view!
No target in view!
No target in view!
No target in view!
No target in view!
No target in view!
No target in view!
No target in view!
No target in view!
n - a scroll labeled DYRIXE OWITA Unknown command.
No target in view!
No target in view!
o - an orange potion
n - 2 scrolls labeled DYRIXE OWITA (gained 1) All of the chunks of flesh in your inventory have rotted away.
A hobgoblin comes into view.
You completely miss the hobgoblin. The hobgoblin hits you.
You take 2 damage, and have 23/25 hp.
You hit the hobgoblin.
The hobgoblin is heavily wounded.
The hobgoblin barely misses you. x2
You hit the hobgoblin.
The hobgoblin is almost dead.
The hobgoblin misses you.
You closely miss the hobgoblin.
The hobgoblin is almost dead.
The hobgoblin barely misses you.
You hit the hobgoblin.
You kill the hobgoblin!
No target in view!
No target in view!
No target in view!
No target in view!
No target in view!
No target in view!
No target in view!
No target in view!
No target in view!
No target in view!
No target in view!
No target in view!
No target in view!
No target in view!
No target in view!
No target in view!
No target in view!
No target in view!
No target in view!
No target in view!
No target in view!
A kobold comes into view. It is wielding a whip of electrocution.
Health restored: 25
There is a stone staircase leading down here.
The helpless kobold fails to defend itself.
You hit the kobold.
The kobold is moderately wounded.
The kobold hits you with a whip of electrocution.
The kobold hits you with a whip of electrocution!
You are electrocuted!
Ouch! That really hurt!
You die...

.█ █.█ █.██.█ .█
█.█ .█.██.█.. .█
█.█ █.█.██.█.██ .█
█.█ █.█.██.█... .█
█.█ █.█.██.█..█ .█
█.█ █.█.██.█..█
.███.█ █.█.██.█..█
.....████......█K.█
███.........████@.█
...............█..█
███.██████..█..█..█
...............>..█
██..██████.██.....█
██..██████.███...=█
...........█ █....█
██..████████ █...██
█..█ █...█


You could see a kobold.

Vanquished Creatures
  An ooze (D:1)
  A dart slug (D:1)
  A leopard gecko (D:1)
  3 goblins (D:1)
  3 hobgoblins (D:1)
  3 bats (D:1)
  A frilled lizard (D:1)
  2 rats (D:1)
15 creatures vanquished.

Notes
Turn   | Place    | Note
-------+----------+-------------------------------------------
     0 | D:1      | Goblin1989 the Demonspawn Monk began the quest for the Orb.
     0 | D:1      | Reached XP level 1. HP: 18/18 MP: 1/1
    55 | D:1      | Gained mutation: You are immune to rotting. [demonic ancestry]
    55 | D:1      | Reached XP level 2. HP: 11/25 MP: 2/2
   529 | D:1      | Reached skill level 4 in Fighting
   693 | D:1      | Slain by a kobold

Vault maps used:
D:1:      scummos_arrival_forest

Skill      XL: |  1  2 |
---------------+-------+-----
Fighting       | 4 |  4.0
Maces & Flails | |  2.6
Dodging        | |  2.6
Stealth        | |  1.7

Action                   || total
-------------------------++-------
Melee: Mace              ||    48
 Stab: Sleeping          ||     2
Armor: Robe              ||    12
Dodge: Dodged            ||    34

Vault maps used:
D:1:      scummos_arrival_forest
